 Dungeon Crawl Stone Soup version 0.21.1-1-g345015fe64 (webtiles) character file.

62669 Naru the Peltast (level 14, -3/121 HPs)
             Began as a Minotaur Fighter on June 16, 2018.
             Was the Champion of Hepliaklqana.
             Killed by divine providence
             ... invoked by Saint Roka
              (10 damage)
             ... on level 2 of the Orcish Mines on June 17, 2018.
             The game lasted 01:04:41 (24646 turns).

Naru the Peltast (Minotaur Fighter)                Turns: 24646, Time: 01:04:41

Health: -3/121     AC: 23    Str: 21    XL:     14   Next: 65%
Magic:  0/13       EV:  7    Int:  5    God:    Hepliaklqana [******]
Gold:   1537       SH: 22    Dex: 15    Spells: 10/13 levels left

rFire    . . .     SeeInvis .   q - +6 spear (venom)
rCold    + + .     Gourm    .   L - +0 large shield
rNeg     . . .     Faith    .   I - +1 plate armour {rC+}
rPois    .         Spirit   +   X - +2 hat
rElec    .         Reflect  .   i - +2 cloak
rCorr    .         Harm     .   (no gloves)
MR       +....                  (no boots)
Stlth    ..........             g - amulet of guardian spirit
HPRegen  0.30/turn              W - +1 ring of protection
MPRegen  0.13/turn              E - ring of protection from cold

@: no status effects
A: retaliatory headbutt, reduced essence, horns 2
a: Recall Ancestor, Ancestor Identity, Transference, Idealise, Renounce Religion


You were on level 2 of the Orcish Mines.
You worshipped Hepliaklqana.
Hepliaklqana was exalted by your worship.
You were not hungry.

You visited 4 branches of the dungeon, and saw 20 of its levels.
You also visited: Ossuary.

You collected 1696 gold pieces.
You spent 159 gold pieces at shops.

Inventory:

Hand Weapons
 q - a +6 spear of venom (weapon)
Missiles
 z - 25 tomahawks (quivered)
Armour
 i - a +2 cloak (worn)
 I - a +1 plate armour of cold resistance (worn)
 L - a +0 large shield (worn)
 X - a +2 hat (worn)
Jewellery
 g - an amulet of guardian spirit (around neck)
 m - an uncursed ring of protection from fire
 x - an uncursed ring of ice
 E - a ring of protection from cold (right hand)
 H - an uncursed ring of positive energy
 J - an uncursed ring of see invisible
 Q - a +6 ring of intelligence
 W - a +1 ring of protection (left hand)
Wands
 c - a wand of clouds (2)
 e - a wand of random effects (29)
 s - a wand of acid (11)
 A - a wand of digging (29)
 B - a wand of enslavement (14)
 S - a wand of flame (16)
 T - a wand of paralysis (25)
 U - a wand of disintegration (6)
Scrolls
 b - a scroll of silence
 j - 2 scrolls of remove curse
 n - 5 scrolls of teleportation
 r - 7 scrolls of fear
 u - a scroll of enchant armour
 y - a scroll of identify
 D - a scroll of fog
 G - 2 scrolls of magic mapping
Potions
 a - 3 potions of haste
 d - 2 potions of might
 l - 5 potions of brilliance
 o - 3 potions of magic
 p - a potion of berserk rage
 t - 7 potions of flight
 v - a potion of agility
 C - 2 potions of lignification
 K - a potion of ambrosia
 R - 3 potions of cancellation
Miscellaneous
 w - a lightning rod (4/4)
Comestibles
 f - 15 rations


   Skills:
 * Level 15.2 Fighting
 - Level 12.5 Polearms
 + Level 13.7 Armour
 + Level 3.4 Dodging
 - Level 1.1 Stealth
 * Level 18.4 Shields
 + Level 0.9 Evocations


You had 10 spell levels left.
You knew the following spells:

 Your Spells              Type           Power        Failure   Level  Hunger
a - Confuse               Hex            #.......     100%        3    ####...


Dungeon Overview and Level Annotations

Branches:
Dungeon (11/15)            Temple (1/1) D:5            Lair (6/6) D:8
  Swamp (0/4) Lair:4       Spider (0/4) Lair:2        Slime (0/5) Lair:5
    Orc (2/2) D:11            Elf (0/3) Orc:2

Altars:
Ashenzari
Cheibriados
Dithmenos
Elyvilon
Fedhas
Gozag
Hepliaklqana
Kikubaaqudgha
Makhleb
Nemelex Xobeh
Okawaru
Qazlal
Ru
Sif Muna
Trog
Uskayaw
Vehumet
Wu Jian
Xom
Yredelemnul
Zin
The Shining One
Jiyva
Lugonu

Shops:
D:7 (   Orc:2 ?

Annotations:
Lair:5 exclusion: oklob plant
Orc:2 Saint Roka


Innate Abilities, Weirdness & Mutations

You reflexively headbutt those who attack you in melee.
You have a pair of horns on your head.
Your life essence is reduced to manifest your ancestor. (-10% HP)


Message History

You see here 2 tomahawks.
The orc warrior no longer looks unusually strong.
You are too injured to fight recklessly!
You kill the orc warrior!
Things that are here:
a short sword; an orc corpse You are too injured to fight recklessly!
Saint Roka invokes the aid of Beogh against you.
Beogh smites you!
* * * LOW HITPOINT WARNING * * *
Branko hits Saint Roka with a dagger of draining!
Things that are here:
a dire flail; a chain mail; an orc corpse Saint Roka mumbles some strange prayers to Beogh against you.
Beogh smites you!
* * * LOW HITPOINT WARNING * * *
Branko closely misses Saint Roka.
Saint Roka calls down the wrath of Beogh upon you.
Beogh smites you!
You die...

#..#####.#........#.............<
....##.#....#.#..................
.).##......###...................
.).##......##.....#........#.....
.).........###.#...........#..#..
..............................###
...............................##
.............)............[....[#
).....##........@.))..oR()÷......
......##..............#.##.......
....#####.......[.).#######......
....# ##..<..)#....# ##.......
...## ##.....###.## ##........
..## ### ##.....#### ##.#.)[.#..
..####.####.......## ##..........
...................###......[....
.......§.....#.#♣...###....#.....


You could see the friendly Branko the hexer and Saint Roka.

Vanquished Creatures
  Gastronok (Lair:1)
  Donald (Orc:2)
  A stone giant (Orc:1)
  Nessos (Orc:2)
  An ettin (D:11)
  7 hydras
  2 two-headed ogres
  3 death yaks (D:8)
  Sonja (Lair:4)
  The ghost of Teps the Arsonist, a novice DrFE (D:9)
  An orc knight (D:11)
  5 elephants (Lair:6)
  Maurice (Orc:2)
  8 black mambas
  A centaur zombie (D:11)
  Psyche (D:8)
  13 spiny frogs
  A torpor snail (Lair:4)
  2 rime drakes
  A kobold demonologist (D:11)
  4 komodo dragons
  2 trolls
  A polar bear (Lair:6)
  2 tyrant leeches (Lair:6)
  9 hippogriffs
  16 blink frogs
  19 yaks
  6 wraiths
  2 wyverns
  Eustachio (D:6)
  9 vampire mosquitoes
  A basilisk (Lair:6)
  4 hogs (D:9)
  A hungry ghost (D:11)
  Menkaure (D:6)
  Edmund (D:6)
  3 wargs
  12 porcupines
  11 water moccasins
  A black bear (D:7)
  An ice beast (D:7)
  4 phantoms
  19 orc warriors
  3 necrophages (D:11)
  7 wolves
  11 ogres
  2 centaurs
  9 crocodiles
  2 big kobolds (D:11)
  An elf zombie (D:11)
  22 bullfrogs
  Blork the orc (D:4)
  3 wyvern skeletons
  4 scorpions
  21 killer bees
  A vampire bat (Lair:1)
  7 wights
  3 howler monkeys
  6 crimson imps
  A bullfrog zombie (D:5)
  2 centaur skeletons
  15 orc wizards
  4 bullfrog skeletons
  A gnoll shaman (D:7)
  12 orc priests
  2 hounds (D:5)
  4 human zombies
  3 iguanas
  7 hell rats (Lair:6)
  10 worker ants
  A big kobold zombie (Ossuary)
  3 hound zombies (Ossuary)
  5 mummies
  A worker ant zombie (D:10)
  5 gnolls (D:7)
  A howler monkey skeleton (D:11)
  10 adders
  A river rat (D:8)
  3 shadow imps
  3 oozes
  An adder zombie (D:5)
  4 worms
  4 leopard geckos
  59 orcs
  7 giant cockroaches
  9 goblins
  12 hobgoblins
  5 jackals
  5 quokkas
  18 bats
  6 frilled lizards
  A giant cockroach zombie (D:6)
  2 gnoll zombies (Ossuary)
  3 goblin zombies
  3 hobgoblin zombies
  3 kobolds
  A kobold skeleton (D:8)
  A kobold zombie (Ossuary)
  An orc skeleton (D:8)
  An orc zombie (D:8)
  A quokka zombie (D:8)
  11 rats
  A rat zombie (Ossuary)
539 creatures vanquished.

Vanquished Creatures (collateral kills)
  Snorg (Orc:2)
  Josephine (Lair:5)
  A hydra (Lair:3)
  3 two-headed ogres
  An unseen horror (D:11)
  An orc sorcerer (Orc:1)
  A komodo dragon (Lair:6)
  A rime drake (Lair:4)
  6 spiny frogs
  3 tyrant leeches (Lair:6)
  2 wraiths
  2 yaks
  A human (D:9)
  A basilisk (Lair:6)
  A vampire mosquito (D:11)
  A swamp worm (Lair:4)
  A porcupine (Lair:1)
  8 water moccasins
  2 orc warriors (Orc:2)
  A black bear (Lair:4)
  A phantom (D:9)
  2 ogres (Orc:1)
  A wolf (Lair:6)
  2 ice beasts
  A crocodile (Lair:4)
  A big kobold (D:11)
  2 bullfrogs
  A water moccasin zombie (D:9)
  5 killer bees
  2 wights
  A crimson imp (D:11)
  A quasit (D:8)
  A hound (D:7)
  2 orc wizards
  3 worker ants
  An adder (D:8)
  2 worms (Lair:2)
  13 orcs
  2 bats (Lair:1)
  A hobgoblin zombie (D:8)
  2 kobold skeletons (D:8)
  An orc zombie (D:8)
87 creatures vanquished.

Vanquished Creatures (others)
  27 hexers
  8 ancestors
  14 fungi (Lair:6)
  48 plants (Lair:6)
97 creatures vanquished.

Grand Total: 723 creatures vanquished

Notes
Turn   | Place    | Note
-------+----------+-------------------------------------------
     0 | D:1      | Naru the Minotaur Fighter began the quest for the Orb.
     0 | D:1      | Reached XP level 1. HP: 19/19 MP: 0/0
   257 | D:1      | Reached XP level 2. HP: 26/27 MP: 1/1
   467 | D:1      | Reached skill level 4 in Shields
   976 | D:2      | Reached XP level 3. HP: 23/34 MP: 2/2
  1319 | D:2      | Found a shimmering altar of Xom.
  1324 | D:2      | Noticed an angel
  1328 | D:2      | Found a glowing silver altar of Zin.
  1399 | D:2      | Reached XP level 4. HP: 37/41 MP: 3/3
  1627 | D:3      | Reached skill level 5 in Fighting
  2738 | D:4      | Reached XP level 5. HP: 46/48 MP: 4/4
  2884 | D:4      | Found a sand-covered staircase.
  2893 | Ossuary  | Entered an ossuary
  2945 | Ossuary  | Reached skill level 5 in Shields
  2951 | Ossuary  | Reached skill level 1 in Dodging
  2951 | Ossuary  | Reached XP level 6. HP: 12/56 MP: 2/5
  3568 | D:4      | Noticed Blork the orc
  3576 | D:4      | Killed Blork the orc
  3576 | D:4      | Reached skill level 5 in Polearms
  3679 | D:4      | Reached XP level 7. HP: 63/63 MP: 6/6
  3966 | D:5      | Entered Level 5 of the Dungeon
  4130 | D:5      | Reached skill level 5 in Armour
  4515 | D:5      | Found a staircase to the Ecumenical Temple.
  4564 | Temple   | Entered the Ecumenical Temple
  4690 | Temple   | Became a worshipper of Hepliaklqana the Forgotten
  4775 | D:6      | Noticed Eustachio
  4823 | D:6      | Killed Eustachio
  4823 | D:6      | Reached XP level 8. HP: 61/63 MP: 7/7
  4907 | D:6      | Noticed Menkaure
  4924 | D:6      | Killed Menkaure
  4924 | D:6      | Reached skill level 6 in Shields
  4982 | D:6      | Found a glowing drain.
  5033 | D:6      | Noticed Edmund
  5053 | D:6      | Killed Edmund
  5212 | D:6      | Found a sparkling altar of Nemelex Xobeh.
  5655 | D:7      | Reached * piety under Hepliaklqana
  5961 | D:7      | Reached skill level 7 in Shields
  6236 | D:7      | Reached XP level 9. HP: 71/71 MP: 8/8
  6256 | D:7      | Reached skill level 10 in Polearms
  6280 | D:7      | Learned a level 3 spell: Confuse
  6782 | D:7      | Found Cimeet's Weapon Emporium.
  6786 | D:7      | Bought a +1 spear of venom for 159 gold pieces
  7264 | D:8      | Noticed Psyche
  7290 | D:8      | Killed Psyche
  7436 | D:8      | Found a glowing golden altar of the Shining One.
  7543 | D:8      | You fall through a shaft!
  7543 | D:9      | Reached ** piety under Hepliaklqana
  7747 | D:9      | Remembered your ancestor Branko as a hexer
  7797 | D:9      | Reached XP level 10. HP: 80/81 MP: 9/9
  7939 | D:9      | Reached skill level 1 in Stealth
  8109 | D:9      | Noticed a two-headed ogre
  8122 | D:9      | Killed a two-headed ogre
  8122 | D:9      | Reached skill level 8 in Shields
  8535 | D:8      | Noticed a death yak
  8555 | D:8      | Noticed a death yak
  8565 | D:8      | Noticed a death yak
  8573 | D:8      | Killed a death yak
  8573 | D:8      | Reached skill level 10 in Fighting
  8594 | D:8      | Killed a death yak
  8892 | D:8      | Found a staircase to the Lair.
  8942 | D:8      | Reached skill level 9 in Shields
  8944 | D:8      | Killed a death yak
  8944 | D:8      | Reached XP level 11. HP: 39/90 MP: 5/10
  9613 | D:9      | Found a shattered altar of Ashenzari.
  9614 | D:9      | Found a deep blue altar of Sif Muna.
  9616 | D:9      | Found an ornate altar of the Wu Jian Council.
  9627 | D:9      | Found a white marble altar of Elyvilon.
  9628 | D:9      | Found an iron altar of Okawaru.
  9628 | D:9      | Found a bloodstained altar of Trog.
  9628 | D:9      | Found a sparkling altar of Nemelex Xobeh.
  9629 | D:9      | Found an ancient bone altar of Kikubaaqudgha.
  9630 | D:9      | Found a shadowy altar of Dithmenos.
  9781 | D:9      | Noticed a two-headed ogre
  9797 | D:9      | Killed a two-headed ogre
  9943 | D:9      | Noticed Teps's ghost (novice DrFE)
 10007 | D:9      | Killed Teps's ghost
 10423 | D:9      | Found a hide-covered altar of Uskayaw.
 10620 | D:10     | Entered Level 10 of the Dungeon
 10687 | D:10     | Reached *** piety under Hepliaklqana
 10701 | D:10     | Reached skill level 10 in Armour
 10730 | D:10     | Reached skill level 10 in Shields
 10877 | D:10     | Noticed a two-headed ogre
 10904 | D:10     | Killed a two-headed ogre
 11091 | D:10     | Found a deep blue altar of Sif Muna.
 11604 | D:11     | Noticed a two-headed ogre
 11626 | D:11     | Killed a two-headed ogre
 11626 | D:11     | Reached skill level 11 in Shields
 12022 | D:11     | Reached **** piety under Hepliaklqana
 12180 | D:11     | Found an ancient bone altar of Kikubaaqudgha.
 12331 | D:11     | Killed an unseen horror
 12331 | D:11     | Reached skill level 12 in Shields
 12331 | D:11     | Reached XP level 12. HP: 51/99 MP: 6/11
 12559 | D:11     | Found a staircase to the Orcish Mines.
 12696 | D:11     | Noticed a two-headed ogre
 12707 | D:11     | Killed a two-headed ogre
 13113 | Lair:1   | Entered Level 1 of the Lair of Beasts
 13505 | Lair:1   | Noticed a seven-headed hydra
 13520 | Lair:1   | Killed a seven-headed hydra
 13562 | Lair:1   | Noticed Gastronok
 13564 | Lair:1   | You fall through a shaft!
 13604 | Lair:2   | Reached skill level 13 in Shields
 14114 | Lair:2   | Found a hole to the Spider Nest.
 14310 | Lair:2   | Reached ***** piety under Hepliaklqana
 15076 | Lair:1   | Noticed a six-headed hydra
 15086 | Lair:1   | Killed a six-headed hydra
 15123 | Lair:1   | Killed Gastronok
 15123 | Lair:1   | Reached skill level 14 in Shields
 15846 | Lair:3   | Noticed a four-headed hydra
 15858 | Lair:3   | Killed a four-headed hydra
 15858 | Lair:3   | Reached XP level 13. HP: 80/108 MP: 9/12
 17493 | Lair:4   | Noticed Sonja
 17507 | Lair:4   | Killed Sonja
 17507 | Lair:4   | Reached skill level 15 in Shields
 17802 | Lair:4   | Found a staircase to the Swamp.
 18040 | Lair:5   | Found a hide-covered altar of Uskayaw.
 18096 | Lair:5   | Found a viscous altar of Jiyva.
 18096 | Lair:5   | Found a staircase to the Slime Pits.
 18260 | Lair:5   | You fall through a shaft!
 18260 | Lair:6   | Entered Level 6 of the Lair of Beasts
 18608 | Lair:6   | Reached skill level 16 in Shields
 19937 | Lair:6   | Reached XP level 14. HP: 113/119 MP: 13/13
 19993 | Lair:6   | Reached skill level 17 in Shields
 20400 | Lair:6   | Reached ****** piety under Hepliaklqana
 21301 | Lair:5   | Noticed Josephine
 21314 | Lair:5   | Killed Josephine
 22097 | Orc:1    | Entered Level 1 of the Orcish Mines
 22330 | Orc:1    | Noticed a stone giant
 22350 | Orc:1    | Killed a stone giant
 22350 | Orc:1    | Reached skill level 18 in Shields
 23146 | Orc:2    | Entered Level 2 of the Orcish Mines
 23177 | Orc:2    | Noticed Nessos
 23196 | Orc:2    | Killed Nessos
 23388 | Orc:2    | Noticed Maurice
 23404 | Orc:2    | Killed Maurice
 23566 | Orc:2    | Reached skill level 15 in Fighting
 23589 | Orc:2    | Noticed Donald
 23592 | Orc:2    | Found a dark tunnel.
 23630 | Orc:2    | Killed Donald
 24036 | Orc:2    | Noticed Snorg
 24038 | Orc:2    | Found Ytta's Magic Scroll Shoppe.
 24050 | Orc:2    | Killed Snorg
 24104 | Orc:2    | Found a staircase to the Elven Halls.
 24131 | Orc:2    | Noticed Saint Roka
 24184 | Orc:2    | HP: 6/121 [Saint Roka/halberd of flaming (3)]
 24645 | Orc:2    | HP: 6/121 [Saint Roka/divine providence (14)]
 24646 | Orc:2    | Killed from afar by Saint Roka

Skill      XL: |  1  2  3  4  5  6  7  8  9 10 11 12 13 14 |
---------------+-------------------------------------------+-----
Fighting       | 4 5 6 7 8 10 11 13 14 15 | 15.2
Shields        | 4 5 7 9 12 14 16 18 | 18.4
Armour         | 4 5 6 7 9 11 12 13 | 13.7
Polearms       | 4 6 7 9 12 | 12.5
Dodging        | 1 2 3 |  3.4
Stealth        | 1 |  1.1
Evocations     | |  0.9

Action                   |  1- 3 |  4- 6 |  7- 9 | 10-12 | 13-15 || total
-------------------------+-------+-------+-------+-------+-------++-------
Melee: Trident           |   140 |   201 |   283 |       |       ||   624
       Headbutt          |    12 |    38 |    62 |   218 |   308 ||   638
       Spear             |       |       |   131 |   985 |  1115 ||  2231
Invok: Recall Ancestor   |       |       |     1 |     1 |     5 ||     7
       Ancestor Life: He |       |       |     1 |       |       ||     1
Evoke: Wand              |       |       |       |     2 |     2 ||     4
  Use: Scroll            |       |    15 |     3 |    10 |    19 ||    47
       Potion            |       |     1 |       |     2 |    11 ||    14
 Stab: Distracted        |       |       |     2 |    11 |     7 ||    20
       Confused          |       |       |       |    20 |    11 ||    31
       Invisible         |       |       |       |       |     1 ||     1
  Eat: Chunk             |     2 |     4 |       |     6 |     3 ||    15
       Ration            |       |     1 |     4 |     6 |     8 ||    19
Armor: Scale mail        |     3 |       |       |       |       ||     3
       Plate armour      |    72 |   159 |    85 |   183 |   291 ||   790
Dodge: Dodged            |    25 |    54 |    22 |    77 |   126 ||   304
Block: Shield            |    60 |   123 |   122 |   113 |       ||   418
       Large shield      |       |       |       |   265 |   908 ||  1173
